 Dungeon Crawl Stone Soup version 0.31-a0-968-g24f9ace8b5 (webtiles) character file.

Game seed: 12499190100228296776

133 CowFu the Changeling (level 4, -1/35 HPs)
             Began as a Draconian Shapeshifter on Oct 28, 2023.
             Slain by a gnoll
             ... wielding a +0 spear
              (2 damage)
             ... on level 3 of the Dungeon.
             The game lasted 00:02:16 (1903 turns).

CowFu the Changeling (Draconian Shapeshifter)       Turns: 1903, Time: 00:02:16

Health: -1/35      AC:  5    Str: 22 (23) XL:     4   Next: 93%
Magic:  4/4        EV: 11    Int:  6 (9)  God:
Gold:   138        SH:  0    Dex:  8 (9)  Spells: 3/3 levels left

rFire   . . .        d - +1 mace (holy)
rCold   . . .        (no shield)
rNeg    . . .        (body armour unavailable)
rPois   .            (helmet currently unavailable)
rElec   .            (cloak currently unavailable)
rCorr   .            (gloves currently unavailable)
SInv    .            (boots currently unavailable)
Will    .....        (no amulet)
Stlth   +            (no ring)
HPRegen 0.25/turn    (no ring)
MPRegen 0.09/turn

%: no passive effects
@: beast-form
A: beast (slay +3), AC +5, unfitting armour, cold-blooded, strong 1
a: Begin Untransformation


You were on level 3 of the Dungeon.
You were a hulking beast.
You visited 1 branch of the dungeon, and saw 3 of its levels.

You collected 138 gold pieces.

Inventory:

Hand Weapons
 d - a +1 mace of holy wrath (weapon)
Talismans
 b - a beast talisman
 c - a flux talisman
Wands
 m - a wand of iceblast (11)
Scrolls
 e - 2 scrolls of teleportation {unknown}
 f - 5 scrolls of identify {unknown}
 h - a scroll of acquirement {unknown}
 k - a scroll of vulnerability {unknown}
 l - 2 scrolls of enchant armour {unknown}
Potions
 g - a potion of mutation


   Skills:
 - Level 1.1 Fighting
 - Level 1.7 Dodging
 - Level 3.0 Unarmed Combat
 + Level 5.3 Shapeshifting


You had 3 spell levels left.
You didn't know any spells.
Your spell library contained the following spells:

 Spells                   Type           Power      Damage    Failure   Level
 Apportation              Tloc           0%         N/A       45%         1
 Necrotise                Necr           0%         1d4       45%         1
 Summon Small Mammal      Summ           0%         N/A       45%         1


Dungeon Overview and Level Annotations

Branches:
Dungeon (3/15)

Altars:


Innate Abilities, Weirdness & Mutations

You are a hulking beast.
Your limbs bulge with bestial killing power. (Slay +3)
Your plain brown scales are hard. (AC +5)
You cannot fit into any form of body armour.
You are cold-blooded and may be slowed by cold attacks.
Your muscles are strong. (Str +4, Int/Dex -1)


Message History

* * * LOW HITPOINT WARNING * * *
The gnoll hits you with a +0 whip.
* * * LOW HITPOINT WARNING * * *
Your transformation has ended.
You turn into a tree.
Your roots penetrate the ground.
The gnoll hits you but does no damage. x2
You closely miss the gnoll. The gnoll hits you but does no damage.
The gnoll barely misses you.
The gnoll hits you but does no damage. x2
You barely miss the gnoll.
The gnoll hits you but does no damage. x2
You closely miss the gnoll. The gnoll completely misses you.
The gnoll hits you with a +0 whip.
* * * LOW HITPOINT WARNING * * *
The gnoll completely misses you. The gnoll barely misses you.
You sock the gnoll!
The gnoll is severely wounded.
The gnoll hits you but does no damage. The gnoll hits you with a +0 whip.
* * * LOW HITPOINT WARNING * * *
You sock the gnoll!
You kill the gnoll!
The gnoll hits you but does no damage.
The gnoll hits you from afar with a +0 spear.
* * * LOW HITPOINT WARNING * * *
It was a potion of mutation.
You feel extremely strange.
You feel stronger. The gnoll hits you but does no damage.
It was a potion of cancellation.
Your magical effects are unravelling.
You feel magically purged.
You feel less wooden.
You turn into a hulking beast.
The gnoll hits you from afar with a +0 spear.
* * * LOW HITPOINT WARNING * * *
It was a potion of degeneration.
There was something very wrong with that liquid.
You feel weakened.
You feel dopey.
You feel clumsy.
The gnoll hits you from afar with a +0 spear.
* * * LOW HITPOINT WARNING * * *
Okay, then.
The gnoll hits you with a +0 spear.
You die...

#....## #....##
########....#.
#.............
#.######...... #.#
#.....# #.# #####.#
#.######.##########.#
#..gh..#.#...........
#.####.#.##.#######.#
#.#.##.#### #.#
#.#.##....# #.#
#.#.##....####(#
#.#.......+..#.#
#.####....##.### #.#
#....##.# # #.#
#.......# #


You could see a gnoll.

Vanquished Creatures
  An orc priest (D:3)
  An adder (D:2)
  2 gnolls (D:3)
  2 worms (D:2)
  2 dart slugs
  3 orcs (D:3)
  4 endoplasms
  A giant cockroach (D:2)
  3 goblins
  3 hobgoblins
  12 jackals
  2 quokkas
  9 ball pythons
  4 bats
  5 frilled lizards
  4 kobolds
  4 rats
62 creatures vanquished.

Notes
Turn   | Place    | Note
-------+----------+-------------------------------------------
     0 | D:1      | CowFu the Draconian Shapeshifter began the quest for the
                  | Orb.
     0 | D:1      | Reached XP level 1. HP: 16/16 MP: 1/1
   117 | D:1      | Reached XP level 2. HP: 9/23 MP: 2/2
   410 | D:1      | Reached skill level 4 in Shapeshifting
   568 | D:1      | Reached XP level 3. HP: 28/28 MP: 3/3
  1143 | D:2      | Reached XP level 4. HP: 35/35 MP: 4/4
  1486 | D:3      | Reached skill level 5 in Shapeshifting
  1697 | D:3      | Found a faded altar of an unknown god.
  1900 | D:3      | Gained mutation: Your muscles are strong. (Str +4, Int/Dex
                  | -1) [potion of mutation]
  1902 | D:3      | HP: 1/35 [gnoll/+0 spear (1)]
  1903 | D:3      | Slain by a gnoll

Illustrated notes

Levels and vault maps discovered:
D:1:      minmay_arrival_checkered_box, layout_basic
D:2:      layout_rooms
D:3:      layout_basic, nicolae_overflow_ecumenical_swirl, zin_academy,
          minivault_11

Skill      XL: |  1  2  3  4 |
---------------+-------------+-----
Shapeshifting  | 4 5 |  5.3
Fighting       | |  1.1
Dodging        | |  1.7
Unarmed Combat | |  3.0

Action                     |  1- 3 |  4- 6 || total
---------------------------+-------+-------++-------
  Melee: Mace              |   129 |    43 ||   172
         Punch             |     3 |       ||     3
         Tailslap          |     9 |     1 ||    10
    Use: Potion            |       |     4 ||     4
 Armour: Skin              |   100 |    53 ||   153
  Dodge: Dodged            |   135 |    24 ||   159

Table legend: (Time is in decaauts)
 A = Elapsed time spent in this place.
 B = Non-inter-level travel time spent in this place.
 C = Inter-level travel time spent in this place.
 D = Time resting spent in this place.
 E = Time spent auto-exploring this place.
 F = Levels seen in this place.
 G = Mean time per level.
                   A        B        C        D        E       F      G
               +--------+--------+--------+--------+--------+-----+--------+
         Total |   1970 |   1945 |     25 |      0 |   1501 |   3 |  656.7 |
       Dungeon |   1970 |   1945 |     25 |      0 |   1501 |   3 |  656.7 |
               +--------+--------+--------+--------+--------+-----+--------+

Top non-repeatable levels by time:
     D:3: 731 daAuts
     D:1: 678 daAuts
     D:2: 560 daAuts
